Cogmind - Beta 14 @@@ ROGUE MODE // 2024.08.20 @ 12:27:45 Player: ILikeVoltron Result: Self-destructed Performance ------------- Evolutions (4) 2000 Regions Visited (6) 1200 Robots Destroyed (47) 235 Value Destroyed (836) 836 Prototype IDs (2) 40 Alien Tech Used (0) 0 Bonus (935) 935 TOTAL SCORE: 5246 Bonus ------- Follower Combat Kills 477 Met Imprinter 300 Was Imprinted 300 Friendly Fire -142 Cogmind --------- Core Integrity 769/850 Matter 175/300 Energy 210/210 System Corruption 1% Temperature Cool (97) Movement Walking (190) Ox1 Location -6/Factory Parts ------- > --- POWER (2) -------- Light Angular Momentum Engine Light Fission Core > --- PROPULSION (5) --- Carbon-fiber Leg Carbon-fiber Leg Carbon-fiber Leg Improved Cesium-ion Thruster Improved Cesium-ion Thruster > --- UTILITY (5) ------ Large Storage Unit Advanced Visual Processing Unit Core Shielding Power Shielding Drone Bay (2/2) > --- WEAPON (3) ------- Assault Cannon Assault Cannon > --- INVENTORY (15) --- Heat Sink Medium Matter Pod (100) Structural Scanner Improved Terrain Scanner Terrain Scan Processor Target Analyzer Improved Utility Shielding Improved Light Armor Plating Improved Light Armor Plating Tractor Beam Assault Rifle Rocket Launcher Rocket Launcher Rocket Array CR-A16's Pointy Stick Peak State ------------ > --- POWER ------------ Light Angular Momentum Engine Light Fission Core > --- PROPULSION ------- Carbon-fiber Leg Carbon-fiber Leg Carbon-fiber Leg Improved Cesium-ion Thruster Improved Cesium-ion Thruster > --- UTILITY ---------- Large Storage Unit Advanced Visual Processing Unit Core Shielding Power Shielding Drone Bay > --- WEAPON ----------- Improved EM Shotgun Assault Cannon Assault Cannon > --- INVENTORY -------- Heat Sink Medium Matter Pod Structural Scanner Improved Terrain Scanner Terrain Scan Processor Target Analyzer Improved Utility Shielding Improved Light Armor Plating Improved Light Armor Plating Tractor Beam Assault Rifle Rocket Launcher Rocket Launcher Rocket Array CR-A16's Pointy Stick [Rating: 52] Favorites ----------- Power Improved Ion Engine Engine Improved Ion Engine Power Core Light Fission Core Propulsion Light Treads Treads Light Treads Leg Carbon-fiber Leg Flight Unit Improved Cesium-ion Thruster Utility Improved Terrain Scanner Device Improved Terrain Scanner Storage Large Storage Unit Processor Terrain Scan Processor Protection Power Shielding Weapon Assault Cannon Energy Gun Improved EM Shotgun Ballistic Gun Assault Rifle Ballistic Cannon Assault Cannon Impact Weapon Mace Piercing Weapon CR-A16's Pointy Stick Build | -11 -10 -9 -9 -7 -6 -6 ------- Run | Yrd Mat Mat Min Zio Pro Fac Slots Evolved 8 | . . 2 . . . 6 Power 1 | . . . . . . 1 Propulsion 3 | . . . . . . 3 Utility 3 | . . 2 . . . 1 Weapon 1 | . . . . . . 1 Parts Attached 47 | 1 4 19 3 1 5 14 Power 5 | . . 2 . . 1 2 Engine 4 | . . 2 . . . 2 Core 1 | . . . . . 1 . Reactor . | . . . . . . . Propulsion 10 | . 2 2 . . . 6 Treads 5 | . 2 2 . . . 1 Leg 3 | . . . . . . 3 Wheel . | . . . . . . . Hover . | . . . . . . . Flight 2 | . . . . . . 2 Utility 23 | 1 2 10 2 . 3 5 Device 14 | 1 1 6 1 . 2 3 Storage 1 | . 1 . . . . . Processor 2 | . . 1 . . 1 . Hackware . | . . . . . . . Protection 6 | . . 3 1 . . 2 Artifact . | . . . . . . . Weapon 9 | . . 5 1 1 1 1 Energy Gun 3 | . . 2 . . 1 . Energy Cannon . | . . . . . . . Ballistic Gun . | . . . . . . . Ballistic Cannon 3 | . . 2 . . . 1 Launcher . | . . . . . . . Special Weapon . | . . . . . . . Impact Weapon 2 | . . 1 1 . . . Slashing Weapon . | . . . . . . . Piercing Weapon 1 | . . . . 1 . . Special Melee Weapon . | . . . . . . . Unidentified Prototypes 2 | . . 1 . . . 1 Parts Lost 4 | . . 3 . . . 1 Power 1 | . . 1 . . . . Propulsion . | . . . . . . . Utility 1 | . . 1 . . . . Weapon 2 | . . 1 . . . 1 Highest Loss Streak 1 | . . 1 . . . 1 To Critical Strikes . | . . . . . . . Average Slot Usage (%) 98 | . 99 99 93 100 100 87 Engine 9 | . 14 10 11 11 7 3 Core 1 | . . . . . 3 6 Treads 20 | . 16 22 22 22 22 7 Leg 1 | . 11 . . . . 9 Device 15 | . 14 18 13 11 21 11 Storage 10 | . 14 11 11 11 11 6 Processor 8 | . . 5 11 11 11 6 Protection 6 | . . 8 2 11 . 7 Energy Gun 4 | . . 4 . . 11 6 Ballistic Gun 3 | . 28 5 . . . . Ballistic Cannon 11 | . . 11 16 11 11 13 Impact Weapon 2 | . . . 5 6 . . Piercing Weapon 1 | . . . . 4 . . Peak Build Rating 52 | 7 9 19 19 20 23 52 Average Rating 19 | 6 8 16 18 18 20 39 On Entrance 14 | 6 7 9 18 18 20 23 Naked Turns . | . . . . . . . Heaviest Build 57 | 13 28 39 39 37 37 57 Greatest Support 68 | 20 40 40 40 40 40 68 Greatest Overweight (x) 7 | . . . . . . 7 Average Overweight (x) . | . . . . . . 1 Largest Inventory Capacity 15 | 8 15 15 15 15 15 15 Average Capacity 14 | 8 11 15 15 15 15 15 Most Carried 15 | 7 9 15 15 15 15 15 Average Carried 14 | 6 8 13 15 15 14 14 Final Capacity 15 | 8 15 15 15 15 15 15 Final Carried 15 | 7 9 15 15 15 15 15 Class Distribution -------------------- 54% | Mutant 38% | Scavenger-Mutant 5% | Scavenger-Skirmisher Dominant Class ---------------- Mutant | -10/Materials Scavenger-Mutant | -9/Materials Mutant | -9/Mines Mutant | -7/Zion Scavenger-Mutant | -6/Proximity Caves Scavenger-Skirmisher | -6/Factory Resources | -11 -10 -9 -9 -7 -6 -6 ----------- Run | Yrd Mat Mat Min Zio Pro Fac Matter Collected 1464 | 222 10 691 301 20 90 130 Remotely 820 | 22 . 462 116 . 90 130 Salvage Created 1605 | 106 51 744 359 . 44 301 Parts 88 | 7 3 52 18 . . 8 Haulers Intercepted 4 | . . 4 . . . . Recyclers Shooed 3 | . . 1 1 . . 1 Parts Field Recycled . | . . . . . . . Retrieved Matter . | . . . . . . . Parts Self-Destructed 4 | . . . . 2 2 . Prevented 3 | . . . . . 3 . Kills | -11 -10 -9 -9 -7 -6 -6 ------- Run | Yrd Mat Mat Min Zio Pro Fac Combat Hostiles Destroyed 22 | . 2 13 . . 2 5 Melee 1 | . . . . . 1 . Guns 9 | . 2 6 . . . 1 Cannons 10 | . . 5 . . 1 4 AOE 2 | . . 2 . . . . Classes Destroyed 10 | 2 1 6 . . . 1 Worker 4 | . . 1 3 . . . Builder 7 | . . 5 2 . . . Tunneler 4 | 1 1 . 2 . . . Hauler 4 | . . 4 . . . . Recycler 5 | 1 . 1 3 . . . Swarmer 9 | . 2 4 . . 1 2 Grunt 7 | . . 4 . . . 3 Brawler 2 | . . 1 . . 1 . Sentry 4 | . . 4 . . . . Mutant 1 | . . . . . . 1 Best Kill Streak 4 | 2 3 4 3 . 1 2 Combat Bots Only 2 | . 2 2 . . 1 2 Max Kills in Single Turn 2 | 1 2 1 2 . 1 1 Gunslinging . | . . . . . . . Exploded 1 | . . 1 . . . . Melee 1 | . . . . . 1 . Uniques/NPCs Destroyed . | . . . . . . . Combat | -11 -10 -9 -9 -7 -6 -6 -------- Run | Yrd Mat Mat Min Zio Pro Fac Hostile Shots Fired 128 | . 10 63 . . 7 48 Missed 33 | . 6 12 . . 2 13 Damage Taken 1297 | . 34 604 . . 100 559 Core 183 | . . 75 . . 27 81 Absorbed by Shields . | . . . . . . . Redirected to Shielding 59 | . . 19 . . . 40 Core Remaining (%) 91 | 100 100 . . . 74 . Volleys Fired 105 | 2 3 68 12 . 8 12 Largest 3 | 2 2 2 2 . 2 3 Hottest 133 | 40 40 89 88 . 89 133 Shots Fired 218 | 4 6 135 24 . 16 33 Gun 87 | 4 6 60 . . 8 9 Cannon 131 | . . 75 24 . 8 24 Launcher . | . . . . . . . Special . | . . . . . . . Kinetic 182 | 4 6 116 24 . 8 24 Thermal . | . . . . . . . Explosive . | . . . . . . . Electromagnetic 36 | . . 19 . . 8 9 Robot Hit Streak 8 | 2 2 8 3 . 6 2 Robot Miss Streak 5 | 1 3 3 3 . 2 5 Penetration Max . | . . . . . . . Secondary Targets . | . . . . . . . Shots Hit Robots 130 | 2 2 88 12 . 14 12 Core Hits 63 | 2 3 32 9 . 7 10 Critical Kills . | . . . . . . . Critical Parts Destroyed . | . . . . . . . Critical Strikes 2 | . . 1 . . 1 . Blast 2 | . . 1 . . 1 . Melee Attacks 2 | . . . 2 . . . Impact 2 | . . . 2 . . . Slashing . | . . . . . . . Piercing . | . . . . . . . Sneak Attacks 2 | . . . 2 . . . Combat Hostiles . | . . . . . . . Follow-up Attacks . | . . . . . . . Damage Inflicted 2983 | 25 36 1913 398 . 308 303 Guns 812 | 25 36 567 . . 132 52 Cannons 1804 | . . 1154 283 . 175 192 Explosions 251 | . . 192 . . . 59 Melee 115 | . . . 115 . . . Ramming 1 | . . . . . 1 . Kinetic 2172 | 25 36 1461 283 . 175 192 Thermal 251 | . . 192 . . . 59 Explosive . | . . . . . . . Electromagnetic 444 | . . 260 . . 132 52 Impact 115 | . . . 115 . . . Slashing . | . . . . . . . Piercing . | . . . . . . . Highest Corruption 2 | . . 2 2 2 . 1 Average Corruption 1 | . . 2 2 2 . 1 Corruption Purged . | . . . . . . . Corruption Blocked . | . . . . . . . Effects 17 | . . 11 5 1 . . Message Errors 4 | . . 2 2 . . . Matter Fused 4 | . . 2 2 . . . Heat Flow Errors 4 | . . 4 . . . . Data Loss (minor) 1 | . . 1 . . . . Misfires 1 | . . 1 . . . . Alerts 2 | . . . 1 1 . . Weapon Failures 1 | . . 1 . . . . Overload Shots . | . . . . . . . Overflow Damage 64 | . . 32 32 . . . Projectiles 22 | . . 20 2 . . . Explosions 12 | . . 12 . . . . Melee 30 | . . . 30 . . . Knockbacks 10 | . . 4 2 . 4 . Impact 1 | . . . 1 . . . Kinetic 8 | . . 4 1 . 3 . Secondary 1 | . . . . . 1 . Self-Inflicted Damage 31 | . . 31 . . . . Shots 1 | . . 1 . . . . Rammed 1 | . . . . . . 1 Targets Rammed 2 | . . . . . 1 1 Kicked . | . . . . . . . Crushed 1 | . . . . . 1 . Highest Temperature 308 | . . 243 63 . 144 308 Average Temperature 67 | . . 60 24 . 59 119 Received Heat Transfer 198 | . . 108 . . 27 63 Siege Activations . | . . . . . . . Robots Corrupted 1 | . . . 1 . . . Combat Hostiles . | . . . . . . . Parts Fried 1 | . . 1 . . . . Impact Corruptions 1 | . . . 1 . . . Robots Melted . | . . . . . . . Combat Hostiles . | . . . . . . . Parts Melted . | . . . . . . . Heat Transferred 250 | . . 200 . . . 50 Parts Sabotaged . | . . . . . . . Parts Stolen . | . . . . . . . Parts Stripped . | . . . . . . . Power Chain Reactions 4 | . . 3 . . . 1 Alert | -11 -10 -9 -9 -7 -6 -6 ------- Run | Yrd Mat Mat Min Zio Pro Fac Peak Influence 392 | 10 106 271 114 . . 392 Initial 127 | . 6 44 45 . . 127 Average 136 | 7 27 148 85 . . 272 Maximum Alert Level 1 | . . 1 . . . 1 Low Security (%) 73 | 100 100 67 100 . . 33 Level 1 26 | . . 32 . . . 66 Level 2 . | . . . . . . . Level 3 . | . . . . . . . Level 4 . | . . . . . . . Level 5 . | . . . . . . . High Security . | . . . . . . . Max Security . | . . . . . . . Squads Dispatched 7 | . 1 2 . . . 4 Investigation 1 | . . . . . . 1 Extermination 1 | . . . . . . 1 Reinforcement 4 | . 1 2 . . . 1 Assault . | . . . . . . . Garrison 1 | . . . . . . 1 Intercept . | . . . . . . . Searches Triggered . | . . . . . . . Construction Impeded . | . . . . . . . Haulers Reinforced 1 | . . . . . . 1 Active Scanning Responses . | . . . . . . . Cargo Convoy Interrupts . | . . . . . . . Stealth | -11 -10 -9 -9 -7 -6 -6 --------- Run | Yrd Mat Mat Min Zio Pro Fac Distress Signals 5 | . . 3 . . . 2 Communications Jammed . | . . . . . . . Distress Signals . | . . . . . . . Times Spotted 61 | . 10 23 . . 11 17 Peak Tracking Total 7 | . 3 4 . . 7 7 Tactical Retreats 1 | . . 1 . . . . Traps | -11 -10 -9 -9 -7 -6 -6 ------- Run | Yrd Mat Mat Min Zio Pro Fac Traps Triggered 2 | . . 2 . . . . Indirectly . | . . . . . . . Trap Hack Attempts . | . . . . . . . Triggered . | . . . . . . . Disarmed . | . . . . . . . Reprogrammed . | . . . . . . . Reused . | . . . . . . . Traps Extracted . | . . . . . . . Installed . | . . . . . . . Triggered . | . . . . . . . Machines | -11 -10 -9 -9 -7 -6 -6 ---------- Run | Yrd Mat Mat Min Zio Pro Fac Machines Disabled 4 | . . 1 1 . . 2 Max in Single Turn 1 | . . 1 1 . . 1 Machines Repaired . | . . . . . . . Machines Dismantled . | . . . . . . . Machines Sabotaged . | . . . . . . . Overloaded Fab Kills . | . . . . . . . Hacking | -11 -10 -9 -9 -7 -6 -6 --------- Run | Yrd Mat Mat Min Zio Pro Fac Machines Accessed 10 | . 2 6 . . . 2 Terminals 8 | . 2 5 . . . 1 Fabricators . | . . . . . . . Repair Stations . | . . . . . . . Recycling Units . | . . . . . . . Scanalyzers 1 | . . 1 . . . . Garrison Access 1 | . . . . . . 1 Total Hacks 18 | . 4 9 . . . 5 Successful 6 | . 1 5 . . . . Failed 12 | . 3 4 . . . 5 Catastrophic . | . . . . . . . Database Lockouts . | . . . . . . . Manual . | . . . . . . . Terminals 16 | . 4 8 . . . 4 Fabricators . | . . . . . . . Repair Stations . | . . . . . . . Recycling Units . | . . . . . . . Scanalyzers 1 | . . 1 . . . . Garrison Access 1 | . . . . . . 1 Terminal Hacks 6 | . 1 5 . . . . Locate Traps 2 | . 1 1 . . . . Dispatch Records 1 | . . 1 . . . . Hauler Manifests 1 | . . 1 . . . . Registered Components 1 | . . 1 . . . . Zone Layout 1 | . . 1 . . . . Fabricator Hacks . | . . . . . . . Repair Station Hacks . | . . . . . . . Recycling Unit Hacks . | . . . . . . . Scanalyzer . | . . . . . . . Garrison Access Hacks . | . . . . . . . Unauthorized Hacks . | . . . . . . . Terminals . | . . . . . . . Fabricators . | . . . . . . . Repair Stations . | . . . . . . . Recycling Units . | . . . . . . . Scanalyzers . | . . . . . . . Garrison Access . | . . . . . . . Data Cores Recovered . | . . . . . . . Used . | . . . . . . . Hacking Detections 8 | . 2 4 . . . 2 Full Trace Events 1 | . . . . . . 1 Feedback Events . | . . . . . . . Feedback Blocked . | . . . . . . . Robot Schematics Acquired . | . . . . . . . Robots Built . | . . . . . . . Authchips . | . . . . . . . Time . | . . . . . . . Total Robot Build Rating . | . . . . . . . Part Schematics Acquired . | . . . . . . . Parts Built . | . . . . . . . Authchips . | . . . . . . . Time . | . . . . . . . Total Part Build Rating . | . . . . . . . Parts Repaired . | . . . . . . . Time . | . . . . . . . Parts Recycled . | . . . . . . . Recycled Matter . | . . . . . . . Retrieved Matter . | . . . . . . . Retrieved Components . | . . . . . . . Parts Scanalyzed . | . . . . . . . Part Schematics Acquired . | . . . . . . . Parts Damaged . | . . . . . . . Bothacking | -11 -10 -9 -9 -7 -6 -6 ------------ Run | Yrd Mat Mat Min Zio Pro Fac Used RIF Installer . | . . . . . . . Robots Hacked . | . . . . . . . Non-combat . | . . . . . . . Combat . | . . . . . . . Robot Hacks Applied . | . . . . . . . Relay Couplers Released . | . . . . . . . Fabnet Peak Effective % . | . . . . . . . Robots Rewired . | . . . . . . . Allies Hacked . | . . . . . . . Hacks Repelled . | . . . . . . . Allies | -11 -10 -9 -9 -7 -6 -6 -------- Run | Yrd Mat Mat Min Zio Pro Fac Total Allies 7 | . . . . 7 . . Largest Group 7 | . . . . 7 7 5 Highest-Rated Group 257 | . . . . 257 257 167 Highest-Rated Ally 51 | . . . . 51 51 38 Total Orders 1 | . . . . . . 1 ROAM 1 | . . . . . . 1 Ally Attacks 75 | . . . . . 45 30 Total Damage 1821 | . . . . . 1092 729 Kills 18 | . . . . . 10 8 Allies Corrupted . | . . . . . . . Allies Melted . | . . . . . . . Intel | -11 -10 -9 -9 -7 -6 -6 ------- Run | Yrd Mat Mat Min Zio Pro Fac Robot Analysis Total . | . . . . . . . Derelict Logs Recovered 3 | . . . . 3 . . Drone Launches 4 | . . . . . . 4 Drone Recoveries 2 | . . . . . . 2 Exploration | -11 -10 -9 -9 -7 -6 -6 ------------- Run | Yrd Mat Mat Min Zio Pro Fac Turns Passed 4676 | 30 354 1355 395 1196 1002 344 Spaces Moved 2595 | 15 237 661 218 747 593 124 Core . | . . . . . . . Treads 2394 | . 120 661 218 747 593 55 Legs 190 | 15 117 . . . . 58 Wheels . | . . . . . . . Hover . | . . . . . . . Flight 11 | . . . . . . 11 Fastest Speed 120 | 120 120 160 160 160 160 160 Average Speed 160 | 120 140 160 160 160 160 219 Slowest Speed 550 | 120 160 160 160 160 160 550 Overloaded Moves . | . . . . . . . Propulsion Burnouts . | . . . . . . . Robots Hopped . | . . . . . . . Cave-ins Triggered . | . . . . . . . Exploration Rate (%) 48 | 3 47 61 57 88 75 6 Regions Visited 6 Branch Regions 3 Pre-discovered Areas 2 | . . . 1 1 . . Known Exits Taken 1 | . . . . . 1 . Unknown Exits Taken 5 | 1 1 1 1 1 . . Scrap Searched 3 | . . . . 2 1 . Spaces Dug 2 | . . 2 . . . . Terrain Destroyed 47 | . . 26 4 . . 17 Melee . | . . . . . . . Projectile 23 | . . 16 4 . . 3 AOE 24 | . . 10 . . . 14 Terrain Rammed . | . . . . . . . Walls Destroyed . | . . . . . . . Machines Disabled . | . . . . . . . Actions | -11 -10 -9 -9 -7 -6 -6 --------- Run | Yrd Mat Mat Min Zio Pro Fac Total 2885 | 23 254 831 236 748 629 164 Wait 73 | 3 . 48 . . 18 4 Move 2589 | 14 236 660 217 746 592 124 Hop . | . . . . . . . Pick Up 30 | 2 5 18 1 . 1 3 Fast Attach 17 | 1 2 4 1 1 1 7 Attach 6 | . . 4 . . . 2 Detach 5 | . 1 3 . . 1 . Swap 24 | . 2 11 2 . 4 5 Drop 30 | 1 5 15 1 1 2 5 Fire 105 | 2 3 68 12 . 8 12 Melee 2 | . . . 2 . . . Ram . | . . . . . . . Kick . | . . . . . . . Crush 2 | . . . . . 1 1 Escape Stasis . | . . . . . . . Rewire 1 | . . . . . 1 . Trap . | . . . . . . . Miscellaneous 1 | . . . . . . 1 Route ------- -11/Scrapyard -10/Materials (discovered 3 exits: *Mat x2 / [*Min]) -9/Materials (discovered 2 exits: [Mat] / [*Min]) -9/Mines (discovered 2 exits: [*Mat] / *Zio) -7/Zion (discovered 2 exits: Dee / [*Pro]) -6/Proximity Caves -6/Factory History --------- Turn | Location | Event 6 | -11/Scrapyard | Discovered new exit (range 3) 31 | -11/Scrapyard | Entered Materials 229 | -10/Materials | Discovered new exit (range 16) 299 | -10/Materials | Discovered new exit (range 16) 303 | -10/Materials | Build established: Mutant 349 | -10/Materials | Discovered new exit (range 15) 385 | -10/Materials | Entered another Materials area 385 | -9/Materials | Evolved 2 slots: Utility x2 1027 | -9/Materials | Discovered new exit (range 13) 1321 | -9/Materials | Build established: Scavenger-Mutant 1635 | -9/Materials | Discovered new exit (range 14) 1740 | -9/Materials | Entered Mines 1741 | -9/Mines | Learned location of Storage (-8) 1981 | -9/Mines | Discovered new exit (range 15) 2117 | -9/Mines | A Derelict revealed a hidden shortcut to a safe place 2135 | -9/Mines | Entered Zion 2196 | -7/Zion | System corruption cleaned by Quarantine Array 2231 | -7/Zion | Learned location of 1 exit from Proximity Caves 2347 | -7/Zion | Build established: Mutant 2393 | -7/Zion | Identified exit to Deep Caves 2563 | -7/Zion | Met Imprinter 2596 | -7/Zion | Imprinted 2598 | -7/Zion | Declared Zion's savior 2830 | -7/Zion | Found CR-A16's Pointy Stick 2873 | -7/Zion | Visited the Megawrench Repair Shop 3211 | -7/Zion | Gained Derelict followers 3213 | -7/Zion | Discovered new exit (range 14) 3331 | -7/Zion | Entered Proximity Caves 3331 | -6/Proximity Caves | Accompanied by 7 allies 3332 | -6/Proximity Caves | Identified exit to Factory 3662 | -6/Proximity Caves | Build established: Scavenger-Mutant 4333 | -6/Proximity Caves | Entered Factory 4333 | -6/Factory | Accompanied by 5 allies 4333 | -6/Factory | Evolved 6 slots: Power x1, Propulsion x3, Utility x1, Weapon x1 4452 | -6/Factory | Garrison activated, responded to threat 4485 | -6/Factory | Found Prototype Launcher 4677 | -6/Factory | Self-destructed Last Messages --------------- 04583_ ALERT: Rogue bot located, Programmers report to Factory Zone 1U. 04589_ Detecting system override signal. 04610_ Dropped Tractor Beam. 04614_ Acquired Drone Bay. 04617_ Drone released from Drone Bay. 04636_ Drone destroyed. 04637_ Drone retrieved by Drone Bay. 04638_ Drone destroyed. 04638_ Drone retrieved by Drone Bay. 04642_ CH-XK0(M) destroyed. 04642_ Pressure Siphon disabled. 04646_ S-27 Virus destroyed. 04646_ Terminal disabled. 04649_ O0-7Y5(M) destroyed. 04660_ S-27 Virus misfires. 04669_ P-60 Hacker resets S-27 Virus, system corruption cleaned. 04669_ W-25 Informer sends out distress signal. 04671_ S-27 Virus destroyed. 04673_ Imp. EM Shotgun destroyed. Map ----- +----------------------------------------------------+ | ?????????????????????????????????????????????????? | | ?????????????????????????????????????????????????? | | ?????????????????????????????????????????????????? | | ?????????????????????????????????????????????????? | | ?????????????????????????????????????????????????? | | ?????????????????????????????????????????????????? | | ??????????????????????????^??????????????????????? | | ?????????????????????????? ??? ??????????????????? | | ?????????????????????????? """ #???????????????? | | ????????????????????"????? """ #???????????????? | | ?????????????##?????" ???? #???????????????? | | ??????????? ???"" """" #???????????????? | | ??????????? """" """" #???????????????? | | ?????????? """" """" #???????????????? | | ?????????? #???????????????? | | ?????????? #???????????????? | | ????????? #????????? ???? | | ????????? #????????? ?? | | ???????? #????????? #? | | ???????? #????????? #? | | ???????? #????????# #? | | ??????? k #????????# +? | | ??????? A #????????# #? | | ???????# #???????#?# #? | | ???????# # # #? | | ???????# ^ @ ss w # #? | | ???????# """" ####### # #? | | ???????+ """" ####### ????????# #? | | ???????# ] """" # !! # ?????? ?+ ## | | ???????# % # ! # ????????# # | | ??????????##### ""%% ! # # ???? ???# # | | ?????????????## """% *%= # ! # ????????# # | | ?????????????## """p %# ##???????## # | | ?????????????## =%s + ####????## # | | ?????????????## " ##+##########?#???#T # | | ?????????????## "T % ## ##??????# # | | ?????????????#"% """ ## + ??????# # | | ???????????####+#+####### ##??#?### #? | | ???????????# % # ##?????## ## | | ???????????# ! "" # ! ##?????## | | ???????????#[[ """# ####????# | | ???????????#[[ S"# ##??#?#?# | | ???????????#[[ ! """# ##?#????# | | ???????????# """#######+####??????# | | ???????????# ####### ####?##???# ###### | | ???????????# """"""""" #?????# ##????###?# #?# | | ???????????# #????## ##??#?????# ### | | ???????????# """"""""" [#?????# #????????## #?# | | ??????????? #?????# #??#???####%### | | ???????????# * ##??#?# #???????# #%" # "" | +----------------------------------------------------+ Best States ------------- Heat Dissipation 47 Energy Generation 31 Energy Capacity 265 Matter Stores 300 Matter Capacity 300 Sight Range 20 Terrain Scan Range 16 Terrain Scan Density 85 Core Shielding 20 Power Shielding 33 Utility Shielding 66 Evasion (%) 55 Recoil Reduction 3 Item Schematics ----------------- None Robot Schematics ------------------ None Fabricated ------------ Nothing Alien Tech Used ----------------- None Achievements -------------- None Challenges ------------ None Game ------ Seed CloakVoltaicDesublimator Manual? 0 Play Time 00:46:19 Cumulative 149.6 hours Start 2024.08.20 @ 11:46:25 End 2024.08.20 @ 12:27:45 Sessions 1 Manual Loads 0 Difficulty Rogue Special Mode None Game No. 266 Rogue 262 Adventurer 0 Explorer 4 Win Type - Total 0 Types 0/0/0/0/0/0/0/0/0 Lore% 19 Gallery% 45 Achievement% 34 Wizard Run 0 Options --------- Layout 1 ASCII 0 Keyboard 1 Movement Arrows Keybinds 0 Fullscreen 1 Font 32/Proggy Map View 130x35 Zoom Use 0% Tactical HUD 1 Map Filters NONE Filters NONE Steam 0 RUN: e01acef7-7996-45d7-a4bf-992ad85b977c